 Dungeon Crawl Stone Soup version 0.31-a0-1469-gd420192249 (webtiles) character file.

Game seed: 4916505235446197297

1026 Rennog the Firebug (level 8, -6/54 HPs)
             Began as an Octopode Fire Elementalist on Dec 28, 2023.
             Mangled by an orc warrior
             ... wielding a +0 short sword
              (9 damage)
             ... on level 5 of the Dungeon.
             The game lasted 00:06:28 (5684 turns).

Rennog the Firebug (Octopode Fire Elementalist)     Turns: 5684, Time: 00:06:29

Health: -6/54      AC:  1    Str:  7    XL:     8   Next: 23%
Magic:  12/25      EV: 13    Int: 19    God:
Gold:   360        SH:  0    Dex: 13    Spells: 15/18 levels left

rFire   . . .        p - +0 mace (holy)
rCold   . . .        (no shield)
rNeg    + . .        (helmet restricted)
rPois   .            (no amulet)
rElec   .            e - ring of magical power
rCorr   .            i - ring of positive energy
SInv    .            (no ring)
Will    .....        (no ring)
Stlth   +++          (no ring)
HPRegen 0.29/turn    (no ring)
MPRegen 0.19/turn    (no ring)
                     (no ring)

%: no passive effects
@: no status effects
A: almost no armour, amphibious, 8 rings, camouflage 1, gelatinous body 1,
(nimble swimmer 1), tentacles
a: no special abilities


You were on level 5 of the Dungeon.
You visited 1 branch of the dungeon, and saw 5 of its levels.

You collected 360 gold pieces.

Inventory:

Hand Weapons
 p - a +0 mace of holy wrath (weapon)
Jewellery
 e - a ring of magical power (left tentacle)
 i - a ring of positive energy (right tentacle)
Wands
 r - a wand of paralysis (14)
Scrolls
 d - 3 scrolls of teleportation {unknown}
 g - a scroll of silence {unknown}
 h - a scroll of poison {unknown}
 j - a scroll of revelation {unknown}
 k - 2 scrolls of brand weapon {unknown}
 l - a scroll of fear {unknown}
 n - a scroll of torment {unknown}
 o - a scroll of noise {unknown}
Potions
 a - a potion of magic
 b - 2 potions of lignification {unknown}
 c - a potion of ambrosia {unknown}
 f - 4 potions of curing {unknown}
 m - 2 potions of heal wounds {unknown}
 q - a potion of mutation {unknown}


   Skills:
 + Level 4.4 Fighting
 - Level 2.0 Dodging
 - Level 2.6 Stealth
 + Level 5.5 Spellcasting
 - Level 1.0 Conjurations
 - Level 6.4 Fire Magic


You had 15 spell levels left.
You knew the following spells:

 Your Spells              Type           Power      Damage    Failure   Level
a - Foxfire               Conj/Fire      76%        2x1d7     2%          1
b - Scorch                Fire           58%        2d7       1%          2

Your spell library contained the following spells:

 Spells                   Type           Power      Damage    Failure   Level
 Inner Flame              Hex/Fire       17%        N/A       10%         3
 Volatile Blastmotes      Fire/Tloc      34%        2d12      10%         3
 Mercury Vapours          Alch/Air       10%        N/A       19%         2
 Flame Wave               Conj/Fire      19%        2d7       26%         4
 Mephitic Cloud           Conj/Alch/Air  6%         N/A       30%         3
 Freezing Cloud           Conj/Ice/Air   3%         6-21      96%         5
 Alistair's Intoxication  Alch           3%         N/A       97%         5
 Borgnjor's Vile Clutch   Necr/Erth      2%         N/A       97%         5
 Eringya's Noxious Bog    Alch           2%         4d6       100%        6


Dungeon Overview and Level Annotations

Branches:
Dungeon (5/15)
 Temple: D:4-7

Altars:

Shops:
D:2 :


Innate Abilities, Weirdness & Mutations

You cannot wear most types of armour.
You are amphibious.
You can wear up to eight rings at the same time.
Your skin changes colour to match your surroundings (Stealth+).
Your rubbery body absorbs attacks. (AC +1, EV +1)
((You are camouflaged when in or above water. (Stealth+)))
You have tentacles for arms and can constrict up to eight enemies at once.


Message History

The black bear is almost dead.
The black bear goes berserk!
Casting: Scorch (safe; 1% risk of failure)
Confirm with . or Enter, or press ? or * to list all spells.
Flames lash the orc warrior.
The orc warrior is heavily wounded.
The orc warrior's fire resistance burns away.
The black bear bites you. The black bear claws you!
The black bear closely misses you.
The orc priest calls down the wrath of Beogh upon you.
Beogh smites you!
Casting: Scorch (safe; 1% risk of failure)
Confirm with . or Enter, or press ? or * to list all spells.
Flames lash the orc warrior but do no damage.
The black bear bites you! The black bear claws you! The black bear claws you.
The black bear bites you.
* * * LOW HITPOINT WARNING * * *
The black bear misses you. The black bear completely misses you.
The orc priest calls upon Beogh to heal the orc warrior.
The orc warrior is healed somewhat.
You hear a shout!
Casting: Scorch (safe; 1% risk of failure)
Confirm with . or Enter, or press ? or * to list all spells.
Flames lash the black bear.
The black bear is burned terribly!
You kill the black bear!
Casting: Scorch (safe; 1% risk of failure)
Confirm with . or Enter, or press ? or * to list all spells.
Flames lash the orc warrior.
The orc warrior is burned terribly!
The orc warrior is heavily wounded.
The orc warrior hits you with a +0 short sword!
* * * LOW HITPOINT WARNING * * *
The orc priest calls upon Beogh to heal the orc warrior.
The orc warrior is healed somewhat.
Casting: Scorch (safe; 1% risk of failure)
Confirm with . or Enter, or press ? or * to list all spells.
Flames lash the orc priest.
The orc priest is severely wounded.
The orc priest's fire resistance burns away.
The orc warrior hits you with a +0 short sword!
You die...

########
#.##########
#.......
#..oo@.....#
#.......
#######....#
#....... #....#
#..[....
#..(.####.##.###
###.......##.###
##############....
.................
..≈.......
#...####...#####.
......≈≈.. #...#
##.### #...


You could see an orc warrior (combustible) and an orc priest (combustible).

Vanquished Creatures
  A black bear (D:5)
  An ogre (D:5)
  2 scorpions
  A jelly (D:5)
  3 orc priests
  A bombardier beetle (D:5)
  4 hounds
  A gnoll bouda (D:5)
  3 sleepcaps
  Jessica (D:2)
  3 iguanas
  2 orc wizards
  8 gnolls
  4 adders
  A worm (D:4)
  2 dart slugs
  10 orcs
  4 endoplasms
  4 giant cockroaches
  6 goblins
  9 hobgoblins
  7 kobolds
  5 quokkas
  6 ball pythons
  3 bats (D:2)
  5 frilled lizards
  6 rats
103 creatures vanquished.

Vanquished Creatures (others)
  138 foxfires
138 creatures vanquished.

Grand Total: 241 creatures vanquished

Notes
Turn   | Place    | Note
-------+----------+-------------------------------------------
     0 | D:1      | Rennog the Octopode Fire Elementalist began the quest for
                  | the Orb.
     0 | D:1      | Reached XP level 1. HP: 11/11 MP: 3/3
   432 | D:1      | Reached XP level 2. HP: 17/17 MP: 0/5
   499 | D:1      | Learned a level 2 spell: Scorch
  1020 | D:2      | Found Qanwuly's Book Boutique.
  1242 | D:2      | Reached skill level 4 in Fire Magic
  1242 | D:2      | Reached XP level 3. HP: 21/21 MP: 1/6
  1471 | D:2      | Reached XP level 4. HP: 18/27 MP: 3/8
  1925 | D:2      | Noticed Jessica
  1930 | D:2      | Killed Jessica
  1931 | D:2      | Reached XP level 5. HP: 31/31 MP: 5/9
  2086 | D:2      | Found a faded altar of an unknown god.
  2137 | D:3      | Reached skill level 5 in Fire Magic
  3087 | D:4      | Reached XP level 6. HP: 11/36 MP: 11/11
  3404 | D:4      | Reached skill level 1 in Fighting
  3767 | D:4      | Reached skill level 6 in Fire Magic
  4349 | D:4      | Reached XP level 7. HP: 41/43 MP: 13/13
  4891 | D:5      | Entered Level 5 of the Dungeon
  5408 | D:5      | Reached skill level 5 in Spellcasting
  5408 | D:5      | Reached XP level 8. HP: 54/54 MP: 15/15
  5683 | D:5      | HP: 2/54 [orc warrior/+0 short sword (12)]
  5684 | D:5      | Mangled by an orc warrior

Illustrated notes

Levels and vault maps discovered:
D:1:      lemuel_arrival_rhombus, layout_basic
D:2:      layout_rooms, serial_shops, nicolae_book_shop_shelving,
          hellmonk_ecumenical_altar_heavens_door, uniq_jessica
D:3:      layout_loops_ring, solitary_fountain
D:4:      layout_basic, minmay_pentangle
D:5:      layout_basic, nicolae_uskayaw_suspiria

Skill      XL: |  1  2  3  4  5  6  7  8 |
---------------+-------------------------+-----
Fire Magic     | 4 5 6 |  6.4
Spellcasting   | 3 4 5 |  5.5
Fighting       | 1 3 4 |  4.4
Dodging        | |  2.0
Stealth        | |  2.6
Conjurations   | |  1.0

Action                     |  1- 3 |  4- 6 |  7- 9 || total
---------------------------+-------+-------+-------++-------
  Melee: Unarmed           |     7 |     5 |       ||    12
         Constrict         |     2 |     3 |       ||     5
         Tentacles         |     1 |     1 |       ||     2
   Cast: Foxfire           |    25 |    38 |    15 ||    78
         Scorch            |    25 |    65 |    47 ||   137
 Armour: Skin              |    10 |    17 |    16 ||    43
  Dodge: Dodged            |     8 |    23 |     6 ||    37

Table legend: (Time is in decaauts)
 A = Elapsed time spent in this place.
 B = Non-inter-level travel time spent in this place.
 C = Inter-level travel time spent in this place.
 D = Time resting spent in this place.
 E = Time spent auto-exploring this place.
 F = Levels seen in this place.
 G = Mean time per level.
                   A        B        C        D        E       F      G
               +--------+--------+--------+--------+--------+-----+--------+
         Total |   5683 |   5515 |    168 |    125 |   4759 |   5 | 1136.6 |
       Dungeon |   5683 |   5515 |    168 |    125 |   4759 |   5 | 1136.6 |
               +--------+--------+--------+--------+--------+-----+--------+

Top non-repeatable levels by time:
     D:4: 1809 daAuts
     D:2: 1210 daAuts
     D:1: 1031 daAuts
     D:3: 839 daAuts
     D:5: 792 daAuts
